 Dungeon Crawl Stone Soup version 0.29-a0-613-gf2c431b9b9 (webtiles) character file.

Game seed: 15975399535722659170

1008 moldycheese5 the Ruffian (level 8, -5/61 HPs)
             Began as a Demonspawn Abyssal Knight on June 16, 2022.
             Was an Elder of Lugonu.
             Killed by divine providence
             ... invoked by an orc priest
              (14 damage)
             ... on level 6 of the Dungeon.
             The game lasted 00:09:50 (7574 turns).

moldycheese5 the Ruffian (DsAK)                     Turns: 7574, Time: 00:09:51

Health: -5/61      AC: 19    Str: 21    XL:     8   Next: 1%
Magic:  9/9        EV:  6    Int: 12    God:    Lugonu [****..]
Gold:   440        SH:  0    Dex: 14    Spells: 7/7 levels left

rFire   . . .      SeeInvis +   x - +2 short sword (speed)
rCold   . . .      Faith    .   (no shield)
rNeg    . . .      Spirit   .   n - +0 plate armour
rPois   .          Reflect  .   (helmet restricted)
rElec   .          Harm     .   (no cloak)
rCorr   .          Rampage  .   (no gloves)
Will    .....                   g - +0 pair of boots
Stlth   ..........              (no amulet)
HPRegen 0.20/turn               j - ring of see invisible
MPRegen 0.11/turn               k - +6 ring of strength

@: sanguine armoured
A: antennae 1, demonic guardian 2, foul stench 1, sanguine armour 1
a: Renounce Religion, Depart the Abyss, Bend Space, Banish, Corrupt


You were on level 6 of the Dungeon.
You worshipped Lugonu.
Lugonu was greatly pleased with you.
You visited 1 branch of the dungeon, and saw 6 of its levels.
You visited the Abyss 1 time.

You collected 440 gold pieces.

Inventory:

Hand Weapons
 v - a +1 falchion of flaming
 x - a +2 short sword of speed (weapon)
Armour
 a - a +0 leather armour
 g - a +0 pair of boots (worn)
 n - a +0 plate armour (worn)
Jewellery
 j - a ring of see invisible (left hand)
 k - a +6 ring of strength (right hand)
 o - a ring of fire
Wands
 t - a wand of flame (11)
 y - a wand of charming (3)
Scrolls
 b - a scroll of fear {unknown}
 c - 3 scrolls of immolation {unknown}
 d - 7 scrolls of identify {unknown}
 i - a scroll of torment {unknown}
 p - a scroll of vulnerability {unknown}
 r - 2 scrolls of amnesia {unknown}
 s - a scroll of blinking {unknown}
 w - a scroll of enchant armour {unknown}
 A - a scroll of poison {unknown}
 B - a scroll of magic mapping {unknown}
Potions
 e - 2 potions of attraction {unknown}
 f - 2 potions of lignification {unknown}
 h - a potion of berserk rage {unknown}
 l - a potion of might {unknown}
 m - 2 potions of brilliance {unknown}
 q - 4 potions of curing {unknown}
 u - a potion of haste {unknown}
 z - a potion of heal wounds
 C - a potion of flight {unknown}


   Skills:
 + Level 4.8 Fighting
 + Level 3.6 Short Blades
 + Level 4.7 Armour
 + Level 1.4 Dodging
 + Level 1.0 Stealth
 + Level 4.8 Unarmed Combat
 + Level 2.6 Invocations


You had 7 spell levels left.
You didn't know any spells.
Your spell library contained the following spells:

 Spells                   Type           Power      Damage    Failure   Level
 Shock                    Conj/Air       0%         1d3       100%        1
 Summon Small Mammal      Summ           0%         N/A       100%        1
 Call Canine Familiar     Summ           0%         N/A       100%        3
 Dazzling Flash           Conj/Hex       0%         N/A       100%        3
 Summon Guardian Golem    Hex/Summ       0%         N/A       100%        3
 Swiftness                Air            0%         N/A       100%        3
 Airstrike                Air            0%         N/A       100%        4
 Iskenderun's Mystic Bla  Conj/Tloc      0%         2d3       100%        4
 Starburst                Conj/Fire      0%         6d3       100%        6


Dungeon Overview and Level Annotations

Branches:
Dungeon (6/15)
 Temple: D:4-7

Altars:
Kikubaaqudgha


Innate Abilities, Weirdness & Mutations

You have a pair of small antennae on your head.
A demonic guardian rushes to your aid.
You may rarely emit foul miasma when damaged in melee.
When seriously injured, your blood forms armour. (AC +6)


Message History

The orc priest hits you but does no damage.
The orc warrior hits you with a +0 trident.
You hit the orc priest.
The orc priest is heavily wounded.
The orc priest calls down the wrath of Beogh upon you.
Beogh smites you!
The orc warrior hits you but does no damage.
You are too injured to fight recklessly!
You are too injured to fight recklessly!
You are too injured to fight recklessly!
You are too injured to fight recklessly!
You are too injured to fight recklessly!
You are too injured to fight recklessly!
You are too injured to fight recklessly!
Aiming: Charm
Press: ? - help, Shift-Dir - straight line, f - orc warrior
Aim: an orc warrior, wielding a +0 trident, wearing a +0 plate armour and quivering boomerangs (chance to affect: 49%)
Okay, then.
Unknown command.
The orc priest hits you but does no damage.
The orc warrior hits you but does no damage.
The orc warrior attacks as you move away!
The orc warrior hits you with a +0 trident.
* * * LOW HITPOINT WARNING * * *
The orc priest attacks as you move away!
The orc priest closely misses you.
The orc warrior hits you from afar with a +0 trident!
* * * LOW HITPOINT WARNING * * *
A demonic guardian appears!
You barely miss the orc priest.
The orc priest is heavily wounded.
You hit the orc priest but do no damage.
The orc priest is heavily wounded.
The orc priest hits you but does no damage.
The orc warrior throws a boomerang.
The boomerang barely misses you.
You closely miss the orc priest.
The orc priest is moderately wounded.
The orc priest mumbles some strange prayers to Beogh against you.
Beogh smites you!
You die...

##############
#............# .
#............# ..
#............# ...
#...##.......# ....
#...###########.....
#...................
#.........4.oo......
#..........@....(...
#...##.......##.....
##'###.......###########
#............#.........#
#...........)#.........#
#............#.........#
#............#.........#
#...##.......##........#
#...##.......##........#


You could see an orc warrior, an orc priest (ally target) and a friendly ice
devil (summoned).

Vanquished Creatures
  A black bear (D:6)
  An ice beast (D:5)
  2 phantoms
  2 scorpions
  2 jellies
  2 hounds (D:4)
  2 iguanas (D:4)
  An orc wizard (D:6)
  6 adders
  An ufetubus (D:5)
  5 worms
  4 dart slugs
  15 orcs
  5 bats
  8 endoplasms
  3 giant cockroaches
  6 goblins
  7 hobgoblins
  5 kobolds
  6 quokkas
  5 ball pythons
  2 frilled lizards (D:1)
  7 rats
98 creatures vanquished.

Vanquished Creatures (collateral kills)
  An ogre (D:5)
  A jelly (D:4)
  An iguana (D:5)
  An adder (D:3)
  3 orcs
  A quokka (D:2)
  A kobold (D:4)
9 creatures vanquished.

Vanquished Creatures (others)
  An orc wizard (D:3)
1 creature vanquished.

Grand Total: 108 creatures vanquished

Notes
Turn   | Place    | Note
-------+----------+-------------------------------------------
     0 | Abyss:1  | moldycheese5 the Demonspawn Abyssal Knight began the quest
                  | for the Orb.
     0 | Abyss:1  | Reached XP level 1. HP: 18/18 MP: 2/2
     0 | D:1      | Escaped the Abyss
    54 | D:1      | Reached ** piety under Lugonu
   370 | D:1      | Gained mutation: A weak demonic guardian rushes to your
                  | aid. [demonic ancestry]
   370 | D:1      | Reached XP level 2. HP: 21/24 MP: 3/3
  1220 | D:1      | Gained mutation: You may rarely emit foul miasma when
                  | damaged in melee. [demonic ancestry]
  1220 | D:1      | Reached XP level 3. HP: 18/30 MP: 4/4
  1968 | D:2      | Found a faded altar of an unknown god.
  2455 | D:2      | Reached skill level 1 in Dodging
  3167 | D:3      | Reached XP level 4. HP: 3/37 MP: 5/5
  3686 | D:3      | Reached *** piety under Lugonu
  4412 | D:4      | Gained mutation: When seriously injured, your blood forms
                  | armour. (AC +6) [demonic ancestry]
  4412 | D:4      | Reached XP level 5. HP: 40/42 MP: 6/6
  4750 | D:4      | Gained mutation: You have a pair of small antennae on your
                  | head. [demonic ancestry]
  4750 | D:4      | Reached XP level 6. HP: 35/48 MP: 7/7
  5971 | D:5      | Entered Level 5 of the Dungeon
  6370 | D:5      | Found an ancient bone altar of Kikubaaqudgha.
  6620 | D:5      | Reached **** piety under Lugonu
  6628 | D:5      | Noticed an ice beast
  6639 | D:5      | Gained mutation: A demonic guardian rushes to your aid.
                  | [demonic ancestry]
  6639 | D:5      | Reached XP level 7. HP: 35/55 MP: 8/8
  6650 | D:5      | Reached skill level 1 in Short Blades
  7088 | D:6      | Reached skill level 1 in Stealth
  7516 | D:6      | Reached XP level 8. HP: 56/61 MP: 9/9
  7574 | D:6      | Killed from afar by an orc priest

Illustrated notes

Levels and vault maps discovered:
D:1:      dpeg_arrival_round_a, layout_basic, lemuel_another_geyser
D:2:      layout_basic, hellmonk_ecumenical_altar_pennies_from_heaven,
          serial_corexii_hall, chequers_hall_statues_corner_a,
          corexii_hall_statues_l, corexii_hall_statues_l,
          corexii_hall_statues_s, corexii_hall_statues_deadend,
          chequers_hall_statues_wall_a
D:3:      layout_loops_ring, bh_walls_and_bars
D:4:      minmay_evil_eye, layout_cave_pools
D:5:      layout_rooms, kiku_gazebo_pond_becter
D:6:      layout_gridville, roderic_serpentine_path, dk_rats_in_the_wall

Skill      XL: |  1  2  3  4  5  6  7 |
---------------+----------------------+-----
Unarmed Combat | 2 3 4 |  4.8
Armour         | 2 3 4 |  4.7
Dodging        | 1 |  1.4
Fighting       | 4 |  4.8
Short Blades   | 3 |  3.6
Stealth        | 1 |  1.0
Invocations    | |  2.6

Action                   |  1- 3 |  4- 6 |  7- 9 || total
-------------------------+-------+-------+-------++-------
Melee: Unarmed           |   210 |   190 |       ||   400
       Punch             |     7 |    10 |     5 ||    22
       Short sword       |       |    39 |   105 ||   144
Invok: Depart the Abyss  |     1 |       |       ||     1
 Stab: Sleeping          |     2 |       |       ||     2
Armor: Leather armour    |    62 |       |       ||    62
       Plate armour      |       |   131 |    79 ||   210
Dodge: Dodged            |   116 |    53 |    37 ||   206

Table legend: (Time is in decaauts)
 A = Elapsed time spent in this place.
 B = Non-inter-level travel time spent in this place.
 C = Inter-level travel time spent in this place.
 D = Time resting spent in this place.
 E = Time spent auto-exploring this place.
 F = Levels seen in this place.
 G = Mean time per level.
                   A        B        C        D        E       F      G
               +--------+--------+--------+--------+--------+-----+--------+
         Total |   7506 |   7187 |    319 |   1890 |   4366 |   7 | 1072.3 |
       Dungeon |   7506 |   7187 |    319 |   1890 |   4366 |   6 | 1251.0 |
         Abyss |      0 |      0 |      0 |      0 |      0 |   1 |    0.0 |
               +--------+--------+--------+--------+--------+-----+--------+

Top non-repeatable levels by time:
     D:4: 1903 daAuts
     D:1: 1885 daAuts
     D:5: 1292 daAuts
     D:3: 1251 daAuts
     D:2: 958 daAuts
     D:6: 216 daAuts
